 Dungeon Sprint DCSS version 0.29.1-4-g47bece8355 (webtiles) character file.

Game seed: 16121939495591692753

8334 Groucho the Unseen (level 11, -15/60 HPs)
             Began as a Spriggan Enchanter on Dec 11, 2022.
             Was an Elder of Wu Jian.
             Killed from afar by a crystal guardian (29 damage)
             ... with a crystal bolt
             ... in the Dungeon (Sprint II: "The Violet Keep of Menkaure").
             The game lasted 00:07:01 (459 turns).

Groucho the Unseen (Spriggan Enchanter)              Turns: 459, Time: 00:07:02

Health: -15/60     AC:  4    Str: 11    XL:     11   Next: 8%
Magic:  28/28      EV: 26    Int: 17    God:    Wu Jian [****..]
Gold:   667        SH:  0    Dex: 16    Spells: 30/41 levels left

rFire   . . .      SeeInvis +   j - +4 dagger (flame)
rCold   . . .      Faith    .   (no shield)
rNeg    . . .      Spirit   .   k - +2 robe of a bazaar {Regen+ Str+3}
rPois   .          Reflect  .   (helmet restricted)
rElec   .          Harm     .   (no cloak)
rCorr   .          Rampage  .   (gloves unavailable)
Will    +....      NoTele   +   (boots unavailable)
Stlth   +++++++...              (no amulet)
HPRegen 1.00/turn               f - ring of flight
MPRegen 0.21/turn               (no ring)

@: flying, invisible, very quick
A: very small, no large weapons, unfitting armour, see invisible, speed 3, fangs
1, low MP 1
a: Renounce Religion, Wall Jump, Serpent's Lash


You were in the Dungeon.
You worshipped Wu Jian.
Wu Jian was greatly pleased with you.
You visited 1 branch You collected 1296 gold pieces.
You spent 629 gold pieces at shops.

Inventory:

Hand Weapons
 a - a +1 dagger
 j - a +4 dagger of flaming (weapon)
Armour
 k - the +2 robe of a bazaar (worn) {Regen+ Str+3}
   (You bought it in a shop in the Dungeon)

   Str:       It affects your strength (+3).
   Regen:     It increases your rate of health regeneration.
Jewellery
 f - a ring of flight (left hand)
Scrolls
 i - a scroll of blinking
Potions
 c - a potion of invisibility
 g - 2 potions of magic
 h - a potion of berserk rage


   Skills:
 + Level 8.5 Fighting
 + Level 11.3 Short Blades
 + Level 13.6 Dodging
 - Level 17.4 Stealth
 + Level 15.5 Spellcasting
 - Level 15.0 Hexes


You had 30 spell levels left.
You knew the following spells:

 Your Spells              Type           Power      Damage    Failure   Level
a - Ensorcelled Hibernat  Hex/Ice        76%        N/A       1%          2
b - Confusing Touch       Hex            59%        N/A       1%          3
c - Dazzling Flash        Conj/Hex       76%        N/A       1%          3
d - Tukima's Dance        Hex            59%        N/A       1%          3

Your spell library contained the following spells:

 Spells                   Type           Power      Damage    Failure   Level


Dungeon Overview and Level Annotations

Branches:
Dungeon (1/1)

Altars:
Cheibriados
Dithmenos
Elyvilon
Fedhas
Gozag
Hepliaklqana
Kikubaaqudgha
Makhleb
Nemelex Xobeh
Okawaru
Qazlal
Ru
Sif Muna
Trog
Uskayaw
Vehumet
Wu Jian
Xom
Yredelemnul
Zin
The Shining One
Jiyva
Lugonu

Shops:
D ::[!(:=[=?[:!((

Annotations:
D exclusion: oklob plant


Innate Abilities, Weirdness & Mutations

You are very small and have problems with some larger weapons.
You are too small for most types of armour.
You have supernaturally acute eyesight. (SInv)
You cover ground extremely quickly. (Speed+++)
You have very sharp teeth.
Your magical capacity is low. (-10% MP)


Message History

Unknown command.
Unknown command.
You feel better. The death drake misses you.
The crystal guardian fires a crystalline bolt at you.
The crystal bolt misses you. x2
The crystal bolt freezes the crystal guardian.
The crystal guardian completely resists.
The crystal bolt freezes the crystal guardian.
The crystal guardian completely resists.
The death drake completely misses you.
Unknown command.
You hit the death drake. You burn the death drake.
The death drake is lightly wounded.
You strike the helpless death drake from behind!
You skewer the death drake like a kebab!!!
You burn the death drake!!
The death drake is almost dead.
The crystal guardian fires a crystalline bolt at you.
The crystal bolt misses you. x2
The crystal bolt burns the crystal guardian.
The crystal guardian completely resists.
The crystal bolt burns the crystal guardian.
The crystal guardian completely resists.
The death drake barely misses you.
Unknown command.
You strike the helpless death drake from behind!
You stick the death drake like a pincushion!!!
You burn the death drake.
You kill the death drake!
The Council accepts your kill.
Unknown command.
Unknown command.
You spin and attack the crystal guardian.
You hit the crystal guardian.
The crystal guardian is lightly damaged.
The crystal guardian fires a crystalline bolt at you.
The crystal bolt misses you.
The crystal guardian fires a crystalline bolt at you.
The crystal bolt misses you. The crystal bolt burns you!!
You die...

##++## ##≈...### #)≈..^..## +
####.^..#!## #..'....#9.#
#+##..#..####.#..#
.#.##.####[†'.##@# .#†.#
...#†.#...####
.#.####..#####..##.# )!)
#'###†##..#..†..#..#▓!))$!
#.##.#.#..#..#..#.)#▓$[?$(!
.<.'###'..####..##†#▓!(!?!?
#.##.#.#..§§###...##▓▓▓▓▓▓▓
#'###.##..§...~~~~~~~~~~~~~
.#.####~~§.§..~#'########+###


You could see a crystal guardian.

Vanquished Creatures
  A deep elf master archer (D)
  2 boulder beetles (D)
  2 hell hogs (D)
  2 death drakes (D)
  3 shining eyes (D)
  A yaktaur (D)
  A hornet (D)
  3 polar bears (D)
  5 wyverns (D)
  4 neqoxecs (D)
  A water moccasin (D)
  A swamp drake (D)
  4 necrophages (D)
30 creatures vanquished.

Vanquished Creatures (others)
  Menkaure (D)
  A water moccasin (D)
  A swamp drake (D)
3 creatures vanquished.

Grand Total: 33 creatures vanquished

Notes
Turn   | Place    | Note
-------+----------+-------------------------------------------
     0 | D        | Groucho the Spriggan Enchanter began the quest for the Orb.
     0 | D        | Reached XP level 1. HP: 9/9 MP: 5/5
     3 | D        | Noticed a neqoxec
     9 | D        | Killed a neqoxec
    10 | D        | Reached skill level 11 in Stealth
    10 | D        | Reached XP level 2. HP: 13/13 MP: 6/10
    10 | D        | Reached XP level 3. HP: 16/16 MP: 6/11
    10 | D        | Reached XP level 4. HP: 21/21 MP: 7/13
    10 | D        | Noticed a neqoxec
    10 | D        | Noticed a neqoxec
    13 | D        | Noticed a neqoxec
    19 | D        | Killed a neqoxec
    20 | D        | Reached skill level 13 in Stealth
    20 | D        | Reached XP level 5. HP: 24/24 MP: 8/16
    23 | D        | Gained mutation: Your magical capacity is low. (-10% MP) [a
                  | neqoxec]
    26 | D        | Gained mutation: You have very sharp teeth. [a neqoxec]
    29 | D        | Killed a neqoxec
    30 | D        | Reached skill level 15 in Stealth
    30 | D        | Reached XP level 6. HP: 28/28 MP: 10/17
    32 | D        | Killed a neqoxec
    33 | D        | Reached skill level 16 in Stealth
    39 | D        | Noticed a boulder beetle
    39 | D        | Noticed a boulder beetle
    42 | D        | Noticed a wyvern
    42 | D        | Noticed a wyvern
    45 | D        | Killed a wyvern
    46 | D        | Reached skill level 17 in Stealth
    46 | D        | Reached skill level 10 in Hexes
    46 | D        | Reached XP level 7. HP: 27/32 MP: 11/19
    48 | D        | Killed a wyvern
    49 | D        | Reached skill level 1 in Fighting
    49 | D        | Reached skill level 10 in Spellcasting
    63 | D        | Reached XP level 8. HP: 34/39 MP: 14/21
    74 | D        | Killed a boulder beetle
    75 | D        | Reached skill level 5 in Short Blades
    77 | D        | Killed a boulder beetle
    78 | D        | Reached XP level 9. HP: 42/46 MP: 16/23
    94 | D        | Found Fougaebo's Antique Armour Shop.
    94 | D        | Found Jaab Vui's Distillery.
    94 | D        | Found Ylyush's Jewellery Boutique.
    94 | D        | Found Eppuguir's Antique Weapon Shop.
    94 | D        | Found Avannoit's Magic Scroll Boutique.
    94 | D        | Found Rexouv's Book Boutique.
    95 | D        | Found Guodug's Antique Armour Boutique.
    95 | D        | Found Xakhoen's Jewellery Shop.
    95 | D        | Found Jin Zenk's Antique Weapon Boutique.
    99 | D        | Learned a level 2 spell: Ensorcelled Hibernation
   103 | D        | Learned a level 3 spell: Confusing Touch
   107 | D        | Learned a level 3 spell: Dazzling Flash
   111 | D        | Learned a level 3 spell: Tukima's Dance
   111 | D        | Found Zestriu's Book Shop.
   111 | D        | Found Imur's Antique Weapon Boutique.
   115 | D        | Found Bairchaju's Distillery.
   115 | D        | Found Taas's Antique Armour Shop.
   115 | D        | Noticed an oklob plant
   116 | D        | Found Quvveer's Book Shop.
   116 | D        | Found Echiabup's Book Shoppe.
   118 | D        | Noticed a cane toad
   124 | D        | Bought a ring of flight for 175 gold pieces
   132 | D        | Bought a glowing dagger for 115 gold pieces
   147 | D        | Bought a tattered robe for 131 gold pieces
   147 | D        | Identified the +2 robe of a bazaar {Regen+ Str+3} (You
                  | bought it in a shop in the Dungeon)
   193 | D        | Killed Menkaure
   196 | D        | Bought a potion of invisibility for 104 gold pieces
   196 | D        | Bought a potion of invisibility for 104 gold pieces
   204 | D        | Noticed a cane toad
   226 | D        | Found an iron altar of Okawaru.
   226 | D        | Found a radiant altar of Vehumet.
   226 | D        | Found a glowing silver altar of Zin.
   227 | D        | Found a sparkling altar of Nemelex Xobeh.
   227 | D        | Found a hide-covered altar of Uskayaw.
   228 | D        | Found an opulent altar of Gozag.
   228 | D        | Found a burning altar of Makhleb.
   228 | D        | Found a bloodstained altar of Trog.
   229 | D        | Found a blossoming altar of Fedhas.
   229 | D        | Found a corrupted altar of Lugonu.
   229 | D        | Found a basalt altar of Yredelemnul.
   229 | D        | Found a shimmering blue altar of Sif Muna.
   230 | D        | Found a white marble altar of Elyvilon.
   230 | D        | Found an ancient bone altar of Kikubaaqudgha.
   231 | D        | Found a shadowy altar of Dithmenos.
   231 | D        | Found a viscous altar of Jiyva.
   232 | D        | Found a snail-covered altar of Cheibriados.
   234 | D        | Found a shimmering altar of Xom.
   234 | D        | Found a sacrificial altar of Ru.
   234 | D        | Found a hazy altar of Hepliaklqana.
   235 | D        | Found a glowing golden altar of the Shining One.
   235 | D        | Found an ornate altar of the Wu Jian Council.
   235 | D        | Found a stormy altar of Qazlal.
   255 | D        | Became a worshipper of the Wu Jian Council
   274 | D        | Reached * piety under Wu Jian
   275 | D        | Reached skill level 5 in Fighting
   282 | D        | Noticed a hell hog
   283 | D        | Noticed a hell hog
   284 | D        | Killed a hell hog
   285 | D        | Reached skill level 15 in Hexes
   286 | D        | Killed a hell hog
   286 | D        | Reached ** piety under Wu Jian
   287 | D        | Reached skill level 10 in Dodging
   287 | D        | Reached XP level 10. HP: 50/53 MP: 19/25
   293 | D        | Noticed a deep elf master archer
   298 | D        | Killed a deep elf master archer
   305 | D        | Noticed a shining eye
   305 | D        | Noticed a shining eye
   305 | D        | Noticed a shining eye
   306 | D        | Killed a shining eye
   307 | D        | Killed a shining eye
   308 | D        | Killed a shining eye
   308 | D        | Reached *** piety under Wu Jian
   309 | D        | Reached skill level 10 in Short Blades
   345 | D        | Reached **** piety under Wu Jian
   351 | D        | Reached skill level 15 in Spellcasting
   439 | D        | Noticed a death drake
   445 | D        | Noticed a death drake
   445 | D        | Noticed a crystal guardian
   447 | D        | Killed a death drake
   448 | D        | Reached XP level 11. HP: 20/60 MP: 28/28
   453 | D        | HP: 1/60 [crystal guardian (22)]
   457 | D        | Killed a death drake
   459 | D        | Killed from afar by a crystal guardian

Illustrated notes

Levels and vault maps discovered:
D:        the_violet_keep_of_menkaure [sprint2_stairs_cluster_1,
          sprint2_shoproom, sprint2_temple, sprint2_basic_supplies,
          sprint2_obstacle_5, sprint2_obstacle_7, sprint2_obstacle_2,
          sprint2_obstacle_1, sprint2_obstacle_3, sprint2_timed_cluster_1,
          sprint2_smallroom_cluster_1, sprint2_smallroom_final_cluster_1,
          sprint2_transparent_cluster_1, sprint2_second_timed_cluster_1,
          sprint2_sniper_area_1, sprint2_heavy_combat_area_1,
          sprint2_mutation_trap_area_1, sprint2_forest_area_1,
          sprint2_light_combat_area_1, sprint2_behind_water_1,
          sprint2_near_end_vault_1]

Skill      XL: |  1  2  3  4  5  6  7  8  9 10 |
---------------+-------------------------------+-----
Stealth        | 11 13 15 17 | 17.4
Spellcasting   | 6 7 8 9 10 12 13 15 | 15.5
Hexes          | 6 8 9 10 11 13 15 | 15.0
Fighting       | 2 4 5 8 |  8.5
Short Blades   | 3 6 8 11 | 11.3
Dodging        | 4 7 10 13 | 13.6

Action                   |  1- 3 |  4- 6 |  7- 9 | 10-12 || total
-------------------------+-------+-------+-------+-------++-------
Melee: Dagger            |     4 |    22 |    13 |    30 ||    69
       Bite              |       |     1 |       |     3 ||     4
       Punch             |       |       |       |     1 ||     1
 Cast: Ensorcelled Hiber |       |       |     4 |     4 ||     8
       Confusing Touch   |       |       |       |     3 ||     3
Invok: Lunge             |       |       |       |     4 ||     4
       Whirlwind         |       |       |       |     2 ||     2
  Use: Potion            |     2 |       |       |     4 ||     6
 Stab: Invisible         |     2 |     5 |       |     2 ||     9
       Sleeping          |     1 |     1 |    13 |     8 ||    23
       Confused          |       |       |       |     3 ||     3
Armor: Robe              |       |       |       |     2 ||     2
Dodge: Dodged            |     2 |    10 |       |    28 ||    40
